AoeStats
← Canelo

Arena

508280748Analyzed
4v4 RM · 10d ago on Sep 21, 2026· 54m 40s· 8 players
Game mode
Random Map
Map size
Large (8 player)
Population
200
Speed
Normal
Resources
Standard
Victory
Conquest
Starting age
Dark Age
Ending age
Imperial Age
RankedLock teamsTeams togetherTeam positionsShared explorationLock speedFull tech treeHidden civsTurbo modeCheats
Victory
Defeat
🇹🇼 Persians · Taiwan
1742
+13
🇦🇷 Saracens · Argentina
1657
+16
🇮🇳 Bulgarians · India
1627
+18
🇵🇪 Wu · Peru
1582
+20
🇦🇹 Vikings · Austria
1682
-17
🇩🇪 Vikings · Germany
1672
-17
🇩🇪 Vikings · Germany
1665
-17
🇺🇸 Vikings · United States
1649
-16
atom
11:12 Feudal Age
15:01 Castle Age
13:21 Double-Bit Axe
13:35 Horse Collar
16:36 Bow Saw
18:14 Heavy Plow
20:36 Wheelbarrow
19:48 Loom
19:52 Town Watch
22:24 Gold Mining
22:55 Stone Mining
23:29 Masonry
24:25 Hand Cart
29:02 Imperial Age
28:41 Ballistics
29:15 Thumb Ring
29:36 Bloodlines
29:18 Fletching
29:52 Bodkin Arrow
31:08 Chemistry
31:38 Architecture
31:45 Bracer
32:26 Padded Archer Armor
33:55 Leather Archer Armor
34:46 Leather Archer Armor
33:55 Heavy Cavalry Archer
35:20 Husbandry
35:02 Capped Ram
36:54 Siege Ram
38:09 Scale Barding Armor
38:14 Forging
39:53 Chain Barding Armor
38:56 Light Cavalry
40:59 Coinage
39:56 Hussar
41:49 Stirrups
42:15 Conscription
43:38 Parthian Tactics
45:04 Plate Barding Armor
45:49 Iron Casting
47:03 Blast Furnace
Pukaso
9:51 Feudal Age
11:47 Loom
15:36 Castle Age
14:45 Double-Bit Axe
14:42 Horse Collar
17:34 Fletching
18:47 Gold Mining
19:12 Bodkin Arrow
22:34 Red Cliffs Tactics
25:00 Heavy Plow
27:12 Padded Archer Armor
28:38 Leather Archer Armor
33:15 Forging
34:53 Wheelbarrow
35:29 Bow Saw
39:03 Squires
39:05 Scale Mail Armor
40:20 Chain Mail Armor
44:40 Imperial Age
42:56 Hand Cart
43:49 Iron Casting
43:02 Arson
45:23 Sitting Tiger
45:58 Plate Mail Armor
46:30 Blast Furnace
47:23 Chemistry
49:19 Pikeman
FUFU
8:59 Loom
10:46 Feudal Age
14:44 Castle Age
12:31 Double-Bit Axe
12:43 Horse Collar
17:18 Bow Saw
22:08 Wheelbarrow
22:17 Town Watch
27:26 Imperial Age
25:05 Scale Mail Armor
25:08 Heavy Plow
25:48 Hand Cart
26:14 Scale Barding Armor
26:20 Forging
26:18 Gold Mining
26:53 Bloodlines
27:23 Husbandry
27:44 Chain Barding Armor
28:00 Iron Casting
27:28 Cavalier
29:08 Conscription
29:53 Plate Barding Armor
31:10 Gold Shaft Mining
32:10 Blast Furnace
31:19 Devotion
33:09 Faith
34:30 Chemistry
35:06 Heavy Camel Rider
35:10 Savar
35:58 Stone Mining
36:41 Padded Archer Armor
37:21 Fletching
37:47 Leather Archer Armor
38:42 Bodkin Arrow
39:33 Masonry
40:36 Light Cavalry
42:52 Ring Archer Armor
44:08 Coinage
44:25 Hussar
48:24 Ballistics
48:34 Architecture
50:36 Banking
51:51 Citadels
52:52 Thumb Ring
52:14 Elite Skirmisher
54:33 Two-Man Saw
54:06 Crop Rotation
Canelo
10:20 Feudal Age
14:31 Castle Age
12:44 Double-Bit Axe
12:56 Horse Collar
15:54 Bow Saw
15:45 Heavy Plow
16:01 Heavy Plow
22:25 Wheelbarrow
23:55 Hand Cart
24:27 Loom
24:27 Town Watch
25:15 Forging
30:26 Imperial Age
28:08 Scale Barding Armor
29:00 Husbandry
29:13 Bloodlines
29:39 Iron Casting
29:50 Chain Barding Armor
32:14 Blast Furnace
33:10 Plate Barding Armor
32:26 Fletching
33:44 Bodkin Arrow
35:13 Chemistry
34:19 Siege Engineers
34:24 Masonry
35:00 Conscription
35:58 Light Cavalry
36:39 Bracer
36:57 Gold Mining
36:57 Stone Mining
38:21 Hussar
39:04 Elite Mameluke
40:35 Gold Shaft Mining
41:02 Ballistics
42:24 Hoardings
43:17 Counterweights
48:31 Two-Man Saw
number5
10:11 Feudal Age
13:33 Loom
16:21 Castle Age
22:13 Imperial Age
20:11 Fletching
21:05 Padded Archer Armor
21:09 Double-Bit Axe
21:28 Bodkin Arrow
23:06 Crossbowman
26:57 Padded Archer Armor
28:15 Bracer
32:12 Chemistry
32:54 Ballistics
32:14 Arbalester
33:11 Gold Mining
36:21 Conscription
36:36 Horse Collar
37:14 Bow Saw
42:09 Gold Shaft Mining
43:27 Bogsveigar
47:56 Murder Holes
48:15 Fortified Wall
50:33 Pikeman
51:14 Scale Mail Armor
51:29 Forging
51:59 Leather Archer Armor
51:20 Pikeman
51:59 Man-at-Arms
Obuk
7:09 Loom
11:00 Feudal Age
15:08 Castle Age
12:58 Horse Collar
13:37 Double-Bit Axe
16:23 Bow Saw
16:33 Heavy Plow
20:43 Gold Mining
21:54 Scale Mail Armor
22:18 Forging
22:45 Gold Shaft Mining
22:54 Chain Mail Armor
22:18 Man-at-Arms
23:05 Gambesons
23:27 Long Swordsman
24:26 Squires
26:47 Arson
29:25 Iron Casting
31:25 Imperial Age
31:05 Pikeman
31:36 Two-Handed Swordsman
33:06 Plate Mail Armor
34:48 Masonry
35:13 Crop Rotation
34:33 Town Watch
35:00 Treadmill Crane
36:21 Blast Furnace
36:54 Fletching
37:25 Ballistics
37:57 Conscription
39:04 Bodkin Arrow
39:05 Stone Mining
39:06 Elite Berserk
42:06 Chemistry
41:36 Chieftains
47:34 Masonry
47:30 Siege Engineers
48:02 Bracer
48:19 Sappers
49:26 Hoardings
50:26 Caravan
Xololo
7:47 Loom
11:26 Feudal Age
15:09 Castle Age
14:34 Double-Bit Axe
14:31 Horse Collar
16:36 Heavy Plow
17:16 Town Watch
22:21 Scale Mail Armor
27:23 Chain Mail Armor
34:20 Imperial Age
32:31 Bow Saw
32:34 Fletching
33:08 Padded Archer Armor
33:22 Bodkin Arrow
33:16 Crossbowman
34:17 Leather Archer Armor
34:27 Arbalester
35:09 Bracer
36:17 Chemistry
35:57 Ring Archer Armor
37:27 Ballistics
37:18 Fortified Wall
36:52 Elite Skirmisher
40:34 Masonry
44:02 Crop Rotation
44:46 Coinage
45:05 Bogsveigar
45:46 Siege Engineers
45:09 Capped Ram
47:48 Two-Man Saw
48:02 Architecture
46:55 Siege Ram
49:51 Chieftains
50:14 Conscription
50:29 Hoardings
49:45 Arrowslits
54:20 Banking
53:37 Pikeman
54:18 Squires
MacesB
10:46 Feudal Age
14:23 Castle Age
12:28 Double-Bit Axe
12:57 Horse Collar
15:11 Heavy Plow
20:02 Gold Mining
20:28 Bow Saw
20:52 Man-at-Arms
21:35 Scale Mail Armor
21:54 Long Swordsman
23:02 Forging
23:07 Gambesons
23:38 Chain Mail Armor
23:15 Loom
23:16 Town Watch
24:20 Gold Shaft Mining
23:49 Squires
23:39 Arson
28:03 Pikeman
31:41 Imperial Age
32:56 Plate Mail Armor
31:47 Two-Handed Swordsman
33:56 Block Printing
33:29 Champion
38:08 Two-Man Saw
38:40 Conscription
41:15 Iron Casting
43:13 Blast Furnace
51:17 Caravan
52:10 Crop Rotation
53:20 Coinage
Connection lost

Rejoining the realm…

Still unreachable

The connection could not be restored.

Session expired

The server has moved on; the page needs a fresh start.